3AAA
SALT LAKE CITY BUZZ @ HIALEAH DODOS
09/14/2027
 
TOP OF THE 1ST
Salt Lake City Buzz batting - Pitching for Hialeah Dodos : RHP Lucas Begay
Pitching: RHP Lucas Begay
Batting: RHB Alejandro Herrera 0-0: Ball
1-0: Ball
2-0: Ball
3-0: Base on Balls
Batting: LHB Frank Sharp 0-0: Called Strike
Alejandro Herrera is caught stealing 2nd base
0-1: Foul Ball, location: 2F
0-2: Fly out, F8 (Flyball, 8LM)
Batting: RHB Justin MacPherson 0-0: Ball
1-0: Called Strike
1-1: Ground out 6-3 (Groundball, 6)
Top of the 1st over - 0 run(s), 0 hit(s), 0 error(s), 0 left on base; Salt Lake City 0 - Hialeah 0
BOTTOM OF THE 1ST
Hialeah Dodos batting - Pitching for Salt Lake City Buzz : RHP Brian Morris
Pitching: RHP Brian Morris
Batting: RHB Jorge Salgado 0-0: Ball
1-0: Fly out, F9 (Flyball, 89M)
Batting: LHB Errol Levick 0-0: Foul Ball, location: 2F
0-1: Swinging Strike
0-2: Foul Ball, location: 2F
0-2: Ball
1-2: Foul Ball, location: 2F
1-2: Foul Ball, location: 2F
1-2: Fly out, F9 (Flyball, 9LSF)
Batting: RHB Vincente Rotham 0-0: Called Strike
0-1: Ball
1-1: TRIPLE (Flyball, 9D)
Batting: RHB Luis Jelarde 0-0: Ball
1-0: Ball
2-0: Called Strike
2-1: Ground out 3-1 (Groundball, 34S)
Bottom of the 1st over - 0 run(s), 1 hit(s), 0 error(s), 1 left on base; Salt Lake City 0 - Hialeah 0
TOP OF THE 2ND
Salt Lake City Buzz batting - Pitching for Hialeah Dodos : RHP Lucas Begay
Batting: RHB Vicente Cruz 0-0: Called Strike
0-1: Called Strike
0-2: Ball
1-2: TRIPLE (Line Drive, 8RM)
Batting: LHB Randy Schlosser 0-0: SINGLE (Groundball, 6MD)
Vicente Cruz scores
Batting: RHB Jung-hwan Kwon 0-0: Ball
Randy Schlosser is caught stealing 2nd base
1-0: Foul Ball, location: 2F
1-1: Foul Ball, location: 2F
1-2: SINGLE (Groundball, 56D)
Batting: LHB Roberto Soto 0-0: Ground out 5-3 (Groundball, 56S)
Jung-hwan Kwon to second
Batting: RHB Adrian Rodgers 0-0: Foul Ball, location: 2F
0-1: Ball
1-1: Ball
2-1: SINGLE (Groundball, 56D)
Jung-hwan Kwon to third
Runner from 3rd tries for Home, SAFE, throw made home
Batting: RHB Andrew Hall 0-0: Foul Ball, location: 2F
0-1: Swinging Strike
0-2: Strikes out swinging
Top of the 2nd over - 2 run(s), 4 hit(s), 0 error(s), 1 left on base; Salt Lake City 2 - Hialeah 0
BOTTOM OF THE 2ND
Hialeah Dodos batting - Pitching for Salt Lake City Buzz : RHP Brian Morris
Batting: LHB Curt Wilson 0-0: Ball
1-0: Called Strike
1-1: Foul Ball, location: 2F
1-2: Foul Ball, location: 2F
1-2: Strikes out swinging
Batting: SHB Luis Manuel Flores 0-0: Ball
1-0: Ground out U3 (Groundball, 3S)
Batting: SHB Javier Gonzáles 0-0: Foul Ball, location: 2F
0-1: Swinging Strike
0-2: Ball
1-2: Foul Ball, location: 2F
1-2: Fly out, F7 (Flyball, 7D)
Bottom of the 2nd over - 0 run(s), 0 hit(s), 0 error(s), 0 left on base; Salt Lake City 2 - Hialeah 0
TOP OF THE 3RD
Salt Lake City Buzz batting - Pitching for Hialeah Dodos : RHP Lucas Begay
Batting: RHB Alejandro Herrera 0-0: Ground out 5-3 (Groundball, 5S)
Batting: LHB Frank Sharp 0-0: Ball
1-0: Foul Ball, location: 2F
1-1: Called Strike
1-2: Strikes out looking
Batting: RHB Justin MacPherson 0-0: Called Strike
0-1: Ball
1-1: Ball
2-1: Ball
3-1: SINGLE (Groundball, 56S) (infield hit)
Batting: RHB Vicente Cruz 0-0: Ball
1-0: Ball
2-0: Ball
3-0: Called Strike
3-1: Base on Balls
Justin MacPherson to second
Batting: LHB Randy Schlosser 0-0: Ball
1-0: Ball
2-0: Swinging Strike
2-1: Fly out, F7 (Flyball, 7D)
Top of the 3rd over - 0 run(s), 1 hit(s), 0 error(s), 2 left on base; Salt Lake City 2 - Hialeah 0
BOTTOM OF THE 3RD
Hialeah Dodos batting - Pitching for Salt Lake City Buzz : RHP Brian Morris
Batting: SHB Juan Perales 0-0: Swinging Strike
0-1: Foul Ball, location: 2F
0-2: Foul Ball, location: 2F
0-2: Foul Ball, location: 2F
0-2: Ball
1-2: Ball
2-2: Ball
3-2: Foul Ball, location: 2F
3-2: Fly out, F5 (Line Drive, 5)
Batting: RHB Armando García 0-0: Ground out 5-3 (Groundball, 56)
Batting: RHB Jorge Salgado 0-0: Ball
1-0: Ball
2-0: Foul Ball, location: 2F
2-1: Called Strike
2-2: Ball
3-2: Fly out, F8 (Flyball, 8RD)
Bottom of the 3rd over - 0 run(s), 0 hit(s), 0 error(s), 0 left on base; Salt Lake City 2 - Hialeah 0
TOP OF THE 4TH
Salt Lake City Buzz batting - Pitching for Hialeah Dodos : RHP Lucas Begay
Batting: RHB Jung-hwan Kwon 0-0: Foul Ball, location: 2F
0-1: Bunted foul
0-2: Foul Ball, location: 2F
0-2: SINGLE (Groundball, 3D)
Batting: LHB Roberto Soto 0-0: Called Strike
0-1: Fly out, F4 (Popup, 4)
Batting: RHB Adrian Rodgers 0-0: Ball
1-0: Fly out, F2 (Popup, 15)
Batting: RHB Andrew Hall 0-0: Fielders Choice at 2nd, 6-4 (Groundball, 6)
Top of the 4th over - 0 run(s), 1 hit(s), 0 error(s), 0 left on base; Salt Lake City 2 - Hialeah 0
BOTTOM OF THE 4TH
Hialeah Dodos batting - Pitching for Salt Lake City Buzz : RHP Brian Morris
Batting: LHB Errol Levick 0-0: Foul Ball, location: 2F
0-1: Foul Ball, location: 2F
0-2: Ground out 6-3 (Groundball, 6)
Batting: RHB Vincente Rotham 0-0: Swinging Strike
0-1: Fly out, F8 (Line Drive, 89M)
Batting: RHB Luis Jelarde 0-0: Ball
1-0: SINGLE (Popup, 6MD)
Batting: LHB Curt Wilson 0-0: Ball
1-0: Ground out 3-1 (Groundball, 3)
Bottom of the 4th over - 0 run(s), 1 hit(s), 0 error(s), 1 left on base; Salt Lake City 2 - Hialeah 0
TOP OF THE 5TH
Salt Lake City Buzz batting - Pitching for Hialeah Dodos : RHP Lucas Begay
Batting: RHB Alejandro Herrera 0-0: Foul Ball, location: 2F
0-1: Swinging Strike
0-2: Ground out 6-3 (Groundball, 6S)
Batting: LHB Frank Sharp 0-0: Foul Ball, location: 2F
0-1: Swinging Strike
0-2: Ball
1-2: Ball
2-2: Ball
3-2: Ground out U3 (Groundball, 3)
Batting: RHB Justin MacPherson 0-0: Called Strike
0-1: Swinging Strike
0-2: Foul Ball, location: 2F
0-2: Strikes out swinging
Top of the 5th over - 0 run(s), 0 hit(s), 0 error(s), 0 left on base; Salt Lake City 2 - Hialeah 0
BOTTOM OF THE 5TH
Hialeah Dodos batting - Pitching for Salt Lake City Buzz : RHP Brian Morris
Batting: SHB Luis Manuel Flores 0-0: Ball
1-0: DOUBLE (Groundball, 3L)
Batting: SHB Javier Gonzáles 0-0: Ball
1-0: Called Strike
1-1: Foul Ball, location: 2F
1-2: Strikes out swinging
Batting: SHB Juan Perales 0-0: Called Strike
Luis Manuel Flores steals 3rd base
0-1: Ball
1-1: Swinging Strike
1-2: Foul Ball, location: 2F
1-2: Strikes out swinging
Batting: RHB Armando García 0-0: Foul Ball, location: 2F
0-1: Called Strike
0-2: Ball
1-2: Ball
2-2: Ball
3-2: Foul Ball, location: 2F
3-2: Base on Balls
Batting: RHB Jorge Salgado 0-0: Ball
1-0: Called Strike
1-1: Called Strike
1-2: Ball
2-2: Fly out, F8 (Flyball, 8RS)
Bottom of the 5th over - 0 run(s), 1 hit(s), 0 error(s), 2 left on base; Salt Lake City 2 - Hialeah 0
TOP OF THE 6TH
Salt Lake City Buzz batting - Pitching for Hialeah Dodos : RHP Lucas Begay
Batting: RHB Vicente Cruz 0-0: Called Strike
0-1: Ball
1-1: Ground out 4-3 (Groundball, 4)
Batting: LHB Randy Schlosser 0-0: Called Strike
0-1: Called Strike
0-2: Foul Ball, location: 2F
0-2: Ball
1-2: Fly out, F9 (Flyball, 89M)
Batting: RHB Jung-hwan Kwon 0-0: Ball
1-0: Fly out, F8 (Flyball, 8LS)
Top of the 6th over - 0 run(s), 0 hit(s), 0 error(s), 0 left on base; Salt Lake City 2 - Hialeah 0
BOTTOM OF THE 6TH
Hialeah Dodos batting - Pitching for Salt Lake City Buzz : RHP Brian Morris
Batting: LHB Errol Levick 0-0: Ball
1-0: Called Strike
1-1: Swinging Strike
1-2: Hit by Pitch
Pinch Runner at 1st Perry Bothof:
Batting: RHB Vincente Rotham 0-0: Ball
1-0: Called Strike
1-1: Grounds into double play, 5-4-3 (Groundball, 5)
Batting: RHB Luis Jelarde 0-0: Ground out 6-3 (Groundball, 6)
Bottom of the 6th over - 0 run(s), 0 hit(s), 0 error(s), 0 left on base; Salt Lake City 2 - Hialeah 0
TOP OF THE 7TH
Salt Lake City Buzz batting - Pitching for Hialeah Dodos : RHP Lucas Begay
Now at C: Perry Bothof
Batting: LHB Roberto Soto 0-0: Fly out, F6 (Popup, 6)
Batting: RHB Adrian Rodgers 0-0: Ball
1-0: SOLO HOME RUN (Flyball, 7LD), Distance : 342 ft
Batting: RHB Andrew Hall 0-0: Foul Ball, location: 2F
0-1: Foul Ball, location: 2F
0-2: Ball
1-2: Ball
2-2: Ground out 5-3 (Groundball, 56)
Batting: RHB Alejandro Herrera 0-0: Called Strike
0-1: Called Strike
0-2: Ball
1-2: Foul Ball, location: 2F
1-2: Foul Ball, location: 2F
1-2: Strikes out swinging
Top of the 7th over - 1 run(s), 1 hit(s), 0 error(s), 0 left on base; Salt Lake City 3 - Hialeah 0
BOTTOM OF THE 7TH
Hialeah Dodos batting - Pitching for Salt Lake City Buzz : RHP Brian Morris
Batting: LHB Curt Wilson 0-0: Ground out 3-1 (Groundball, 34S)
Batting: SHB Luis Manuel Flores 0-0: Called Strike
0-1: Ball
1-1: Foul Ball, location: 2F
1-2: Ground out 4-3 (Groundball, 4)
Batting: SHB Javier Gonzáles 0-0: Called Strike
0-1: Ball
1-1: Ground out 1-3 (Groundball, P)
Bottom of the 7th over - 0 run(s), 0 hit(s), 0 error(s), 0 left on base; Salt Lake City 3 - Hialeah 0
TOP OF THE 8TH
Salt Lake City Buzz batting - Pitching for Hialeah Dodos : RHP Lucas Begay
Batting: LHB Frank Sharp 0-0: SINGLE (Line Drive, 78M)
Batting: RHB Justin MacPherson 0-0: Ball
1-0: Ball
2-0: Ball
3-0: Called Strike
3-1: SINGLE (Line Drive, 7S)
Frank Sharp to second
Batting: RHB Vicente Cruz 0-0: SINGLE (Groundball, 4M) (infield hit)
Frank Sharp to third
Justin MacPherson to second
Batting: LHB Randy Schlosser 0-0: Called Strike
0-1: Ball
1-1: Swinging Strike
1-2: Foul Ball, location: 2F
1-2: Grounds into fielders choice 3-2 (Groundball, 3L)
Justin MacPherson to third
Vicente Cruz to second
Pinch Hitting: LHB Ron Bascombe 0-0: Called Strike
0-1: DOUBLE (Flyball, 78D)
Justin MacPherson scores
Vicente Cruz scores
Randy Schlosser to third
Pitching: RHP Johnny Allen
Batting: LHB Roberto Soto 0-0: Called Strike
0-1: Swinging Strike
0-2: Foul Ball, location: 2F
0-2: Foul Ball, location: 2F
0-2: Fly out, F7 (Flyball, 78M)
Runner from 3rd tags up, SCORES, no throw
Batting: RHB Adrian Rodgers 0-0: Swinging Strike
0-1: Ball
1-1: Swinging Strike
1-2: Ball
2-2: Strikes out swinging
Top of the 8th over - 3 run(s), 4 hit(s), 0 error(s), 1 left on base; Salt Lake City 6 - Hialeah 0
BOTTOM OF THE 8TH
Hialeah Dodos batting - Pitching for Salt Lake City Buzz : RHP Brian Morris
Now at 3B: Curt Kenney
Now in RF: Ángel Aguilar
Batting: SHB Juan Perales 0-0: Foul Ball, location: 2F
0-1: Swinging Strike
0-2: Fly out, F8 (Flyball, 8LD)
Batting: RHB Armando García 0-0: Ball
1-0: Ball
2-0: SINGLE (Groundball, 56D)
Batting: RHB Jorge Salgado 0-0: Ball
1-0: Called Strike
1-1: Fly out, F7 (Flyball, 7)
Pitching: RHP Powell Horne
Batting: LHB Perry Bothof 0-0: Ball
1-0: Ball
2-0: Ball
3-0: Base on Balls
Armando García to second
Batting: RHB Vincente Rotham 0-0: Ball
1-0: Called Strike
1-1: Ball
2-1: Ball
3-1: Base on Balls
Armando García to third
Perry Bothof to second
Batting: RHB Luis Jelarde 0-0: Ball
1-0: Fly out, F8 (Flyball, 8RM)
Bottom of the 8th over - 0 run(s), 1 hit(s), 0 error(s), 3 left on base; Salt Lake City 6 - Hialeah 0
TOP OF THE 9TH
Salt Lake City Buzz batting - Pitching for Hialeah Dodos : RHP Johnny Allen
Batting: RHB Andrew Hall 0-0: Called Strike
0-1: Called Strike
0-2: Foul Ball, location: 2F
0-2: Fly out, F7 (Flyball, 7)
Batting: RHB Alejandro Herrera 0-0: Called Strike
0-1: Ball
1-1: Ball
2-1: Called Strike
2-2: Foul Ball, location: 2F
2-2: Foul Ball, location: 2F
2-2: Strikes out swinging
Batting: LHB Frank Sharp 0-0: Ball
1-0: Called Strike
1-1: Called Strike
1-2: Reached on error, E5 (Groundball, 56)
Batting: RHB Justin MacPherson 0-0: Ball
Frank Sharp steals 2nd base
1-0: Called Strike
1-1: Ball
2-1: Foul Ball, location: 2F
2-2: Ball
3-2: Base on Balls
Batting: RHB Vicente Cruz 0-0: Called Strike
0-1: Ball
1-1: Called Strike
1-2: Foul Ball, location: 2F
1-2: Ball
2-2: Strikes out swinging
Top of the 9th over - 0 run(s), 0 hit(s), 1 error(s), 2 left on base; Salt Lake City 6 - Hialeah 0
BOTTOM OF THE 9TH
Hialeah Dodos batting - Pitching for Salt Lake City Buzz : RHP Powell Horne
Batting: LHB Curt Wilson 0-0: Fly out, F9 (Flyball, 9S)
Batting: SHB Luis Manuel Flores 0-0: Ball
1-0: Ball
2-0: Ball
3-0: Called Strike
3-1: Base on Balls
Batting: SHB Javier Gonzáles 0-0: Called Strike
0-1: Fly out, F8 (Line Drive, 8LD)
Batting: SHB Juan Perales 0-0: Called Strike
0-1: Swinging Strike
0-2: Foul Ball, location: 2F
0-2: Strikes out swinging
Bottom of the 9th over - 0 run(s), 0 hit(s), 0 error(s), 1 left on base; Salt Lake City 6 - Hialeah 0
Saturday, May 26th, 2018 - OOTP Baseball 17.12 Build 75